 Dungeon Crawl Stone Soup version 0.32-a0-360-gcd93b57ba1 (webtiles) character file.

Game seed: 1251051656011123471

862 Psychatog the Chopper (level 8, -4/64 HPs)
             Began as a Coglin Fighter on Feb 18, 2024.
             Slain by a yak (10 damage)
             ... on level 3 of the Dungeon.
             The game lasted 00:05:21 (3511 turns).

Psychatog the Chopper (Coglin Fighter)              Turns: 3511, Time: 00:05:21

Health: -4/64      AC: 12    Str: 20    XL:     8   Next: 2%
Magic:  8/8        EV:  8    Int:  7    God:
Gold:   159        SH:  0    Dex: 13    Spells: 7/7 levels left

rFire   . . .        a - +0 war axe {Caihong}
rCold   . . .        q - +0 hand axe {Suchat}
rNeg    . . .        r - +0 chain mail
rPois   .            f - +0 helmet
rElec   .            A - +0 cloak
rCorr   .            (no gloves)
SInv    .            g - +0 pair of boots
Will    .....        (no amulet) Stlth
                     (no ring)
HPRegen 0.30/turn    (no ring)
MPRegen 0.11/turn

%: no passive effects
@: revved, stiff-legged, very slow
A: off-hand wielding, slow wielding, warmup strikes, warmup strides
a: no special abilities


You were on level 3 of the Dungeon.
You visited 1 branch of the dungeon, and saw 4 of its levels.

You collected 159 gold pieces.

Inventory:

Hand Weapons
 a - a +0 war axe (weapon) {Caihong}
 q - a +0 hand axe (worn) {Suchat}
Armour
 b - a +0 scale mail
 f - a +0 helmet (worn)
 g - a +0 pair of boots (worn)
 o - a +0 buckler
 p - the +1 scale mail of Filigreed Awe {rC+}
   (You found it on level 3 of the Dungeon)

   rC+:       It protects you from cold.
 r - a +0 chain mail (worn)
 x - a +0 pair of gloves
 A - a +0 cloak (worn)
Jewellery
 s - a ring of willpower
 y - an amulet of magic regeneration
Wands
 c - a wand of acid (4)
 i - a wand of roots (7)
 t - a wand of polymorph (2)
 v - a wand of digging (4)
Scrolls
 e - 2 scrolls of amnesia {unknown}
 j - a scroll of vulnerability {unknown}
 l - a scroll of silence {unknown}
 m - a scroll of revelation {unknown}
 n - 2 scrolls of teleportation {unknown}
 u - 2 scrolls of identify {unknown}
 B - a scroll of noise {unknown}
Potions
 d - 2 potions of might {@q3}
 h - a potion of ambrosia {unknown}
 k - a potion of resistance {unknown}
 w - a potion of lignification
 z - a potion of heal wounds {unknown}


   Skills:
 + Level 5.8 Fighting
 * Level 7.3 Axes
 - Level 2.6 Armour
 - Level 2.5 Shields


You had 7 spell levels left.
You didn't know any spells.
Your spell library contained the following spells:

 Spells                   Type           Power      Damage    Failure   Level
 Tukima's Dance           Hex            0%         N/A       100%        3
 Passage of Golubria      Tloc           0%         N/A       100%        4
 Yara's Violent Unravell  Hex/Alch       0%         3d3       100%        5


Dungeon Overview and Level Annotations

Branches:
Dungeon (4/15)
 Temple: D:4-7

Altars:
Elyvilon
Ru

Annotations:
D:2 1 runed translucent door, Crazy Yiuf


Innate Abilities, Weirdness & Mutations

You can wield a second weapon in your off-hand.
It takes a long time for you to wield or remove held weapons.
Your first few attacks do less damage.
Your first movements take longer.


Message History

You are too injured to fight recklessly!
You are too injured to fight recklessly!
You are too injured to fight recklessly!
You are too injured to fight recklessly!
You are too injured to fight recklessly!
You hit the yak with your +0 war axe.
The yak is lightly wounded.
You hit the yak with your +0 war axe. You hit the yak but do no damage. x2
The yak gores you. x2
You hit the yak with your +0 hand axe.
The yak is lightly wounded.
You hit the yak with your +0 hand axe. You hit the yak with your +0 war axe.
You barely miss the yak with your +0 war axe.
The yak closely misses you. The yak completely misses you.
You slash the yak with your +0 war axe!
The yak is heavily wounded.
You slash the yak with your +0 war axe!
You hit the yak with your +0 hand axe. x2
The yak gores you. The yak gores you but does no damage.
You slash the yak with your +0 war axe!
The yak is almost dead.
You hit the yak with your +0 war axe.
You kill the yak!
You barely miss the yak with your +0 hand axe.
The yak gores you but does no damage. The yak barely misses you.
Your Axes skill increases to level 7!
You have reached level 8!
You feel stronger.
You barely miss the yak with your +0 war axe.
The yak is severely wounded.
You hit the yak with your +0 hand axe. The yak gores you!
* * * LOW HITPOINT WARNING * * *
You barely miss the yak with your +0 hand axe.
The yak is almost dead.
You hit the yak but do no damage. The yak gores you!
* * * LOW HITPOINT WARNING * * *
Unknown command.
You hit the yak with your +0 hand axe.
The yak is almost dead.
You hit the yak but do no damage. The yak gores you!
You die...

.#.....###......#####
###...## ####.......#
...).## #.#.###.#
####.# #.#..##.# #.#
#.##.##.# ##'##
#.......# ##...##
####.#### ##.....##
###.# #.......##
##.#@#
.........####..Y†#
.......).'.......#
.........####....#
#.......## ##.#.#
##.....#########.#
##...##.....# #.#
##'###.###.# #.# #.#
#.# #.# #.#


You could see a yak.

Vanquished Creatures
  Sigmund (D:3)
  2 yaks (D:3)
  A scorpion (D:4)
  2 jellies (D:4)
  Ijyb (D:3)
  An iguana (D:4)
  An orc wizard (D:3)
  Robin (D:2)
  6 adders
  A ribbon worm (D:2)
  4 dart slugs
  7 orcs
  7 ball pythons
  3 endoplasms
  2 giant cockroaches
  21 goblins
  8 hobgoblins
  12 jackals
  4 quokkas
  6 bats
  4 frilled lizards
  5 kobolds
  3 rats
103 creatures vanquished.

Notes
Turn   | Place    | Note
-------+----------+-------------------------------------------
     0 | D:1      | Psychatog the Coglin Fighter began the quest for the Orb.
     0 | D:1      | Reached XP level 1. HP: 18/18 MP: 1/1
    53 | D:1      | Reached XP level 2. HP: 24/24 MP: 2/2
   334 | D:1      | Reached XP level 3. HP: 20/29 MP: 3/3
   601 | D:1      | Reached skill level 3 in Axes
  1039 | D:2      | Noticed Robin
  1043 | D:2      | Reached XP level 4. HP: 30/35 MP: 4/4
  1066 | D:2      | Killed Robin
  1348 | D:2      | Found a sacrificial altar of Ru.
  1421 | D:2      | Reached skill level 4 in Axes
  1421 | D:2      | Reached XP level 5. HP: 22/42 MP: 5/5
  1545 | D:2      | Found a runed translucent door.
  1546 | D:2      | Noticed Crazy Yiuf
  1827 | D:3      | Identified the +1 scale mail of Filigreed Awe {rC+}
  1925 | D:3      | Found a white marble altar of Elyvilon.
  2014 | D:3      | Identified the +9 sling of Jogal {drain, Str+5 Stlth-}
  2189 | D:3      | Noticed Ijyb
  2201 | D:3      | Killed Ijyb
  2470 | D:3      | Noticed Sigmund
  2503 | D:3      | Killed Sigmund
  2504 | D:3      | Reached skill level 5 in Axes
  2504 | D:3      | Reached XP level 6. HP: 14/49 MP: 6/6
  2947 | D:4      | Reached XP level 7. HP: 55/55 MP: 7/7
  3054 | D:4      | Reached skill level 5 in Fighting
  3054 | D:4      | Reached skill level 6 in Axes
  3245 | D:4      | Identified the +1 leather armour of Good Intentions
                  | {Rampage}
  3488 | D:4      | Noticed a yak
  3488 | D:4      | Noticed a yak
  3489 | D:4      | Noticed a yak
  3489 | D:4      | Noticed a yak
  3499 | D:4      | Noticed a yak
  3504 | D:3      | Killed a yak
  3508 | D:3      | Killed a yak
  3509 | D:3      | Reached skill level 7 in Axes
  3509 | D:3      | Reached XP level 8. HP: 26/64 MP: 8/8
  3511 | D:3      | Slain by a yak

Illustrated notes

Levels and vault maps discovered:
D:1:      saegor_arrival_simple_a, layout_basic, serial_curves, eino_curves_03,
          eino_curves_03, nicolae_titane
D:2:      layout_loops_ring, basic_altar, chequers_serial_rivers_marsh,
          kennysheep_generic_room_14, uniq_robin, uniq_crazy_yiuf_cottage
D:3:      layout_loops_corners, mainiacjoe_overflow_six_doors_small,
          uniq_sigmund, uniq_ijyb
D:4:      layout_gridville, lemuel_doored_altar, nicolae_goblin_pals

Skill      XL: |  1  2  3  4  5  6  7 |
---------------+----------------------+-----
Axes           | 3 4 5 7 |  7.3
Fighting       | 4 5 |  5.8
Armour         | |  2.6
Shields        | |  2.5

Action                     |  1- 3 |  4- 6 |  7- 9 || total
---------------------------+-------+-------+-------++-------
  Melee: War axe           |    79 |   127 |    46 ||   252
         Hand axe          |       |    41 |    44 ||    85
         Unarmed           |       |    11 |       ||    11
  Evoke: Wand              |       |       |     1 ||     1
    Use: Potion            |       |     1 |       ||     1
 Armour: Scale mail        |    66 |    54 |       ||   120
         Skin              |       |    26 |       ||    26
         Chain mail        |       |    44 |    47 ||    91
  Dodge: Dodged            |    46 |    48 |    25 ||   119
  Block: Buckler           |    20 |    17 |       ||    37

Table legend: (Time is in decaauts)
 A = Elapsed time spent in this place.
 B = Non-inter-level travel time spent in this place.
 C = Inter-level travel time spent in this place.
 D = Time resting spent in this place.
 E = Time spent auto-exploring this place.
 F = Levels seen in this place.
 G = Mean time per level.
                   A        B        C        D        E       F      G
               +--------+--------+--------+--------+--------+-----+--------+
         Total |   3716 |   3407 |    309 |    260 |   2471 |   4 |  929.0 |
       Dungeon |   3716 |   3407 |    309 |    260 |   2471 |   4 |  929.0 |
               +--------+--------+--------+--------+--------+-----+--------+

Top non-repeatable levels by time:
     D:3: 1181 daAuts
     D:2: 1005 daAuts
     D:1: 924 daAuts
     D:4: 604 daAuts
